 Dungeon Crawl Stone Soup version 0.21.1-1-g345015f (webtiles) character file.

40937 Fang the Blocker (level 14, -37/126 HPs)
             Began as a Gargoyle Fighter on May 7, 2018.
             Was the Champion of Dithmenos.
             Annihilated by a very large slime creature (52 damage)
             ... on level 15 of the Dungeon.
             The game lasted 00:32:22 (15307 turns).

Fang the Blocker (Gargoyle Fighter)                Turns: 15307, Time: 00:32:23

Health: -37/126    AC: 27    Str: 25    XL:     14   Next: 13%
Magic:  14/14      EV:  2    Int:  9    God:    Dithmenos [******]
Gold:   821        SH: 13    Dex:  9    Spells: 13/13 levels left

rFire    + + .     SeeInvis .   k - +9 whip (elec)
rCold    + . .     Gourm    .   c - +0 shield
rNeg     + + +     Faith    .   (armour currently unavailable)
rPois    ∞         Spirit   .   (helmet currently unavailable)
rElec    +         Reflect  .   (cloak currently unavailable)
rCorr    +         Harm     +   (gloves currently unavailable)
MR       +....     NoTele   +   (boots currently unavailable)
Stlth    ++++++++..             J - amulet of harm
HPRegen  0.31/turn              n - +5 ring of evasion
MPRegen  0.14/turn              I - ring of protection from fire

@: tree-form, resistant, wreathed by umbra
A: negative energy resistance 1, petrification resistance, rot immunity, AC +10
a: Shadow Step, Shadow Form, Renounce Religion


You were on level 15 of the Dungeon.
You worshipped Dithmenos.
Dithmenos was exalted by your worship.
You were very hungry.
You were a tree.
You visited 2 branches of the dungeon, and saw 16 of its levels.
You also visited: Ossuary and Bailey.

You collected 821 gold pieces.

Inventory:

Hand Weapons
 a - a +1 war axe
 k - a +9 whip of electrocution (weapon)
Armour
 b - a +3 scale mail (melded)
 c - a +0 shield (worn)
 o - a +2 pair of gloves (melded)
Jewellery
 n - a +5 ring of evasion (left branch)
 C - a +6 amulet of reflection
 D - an uncursed ring of wizardry {unknown}
 I - a ring of protection from fire (right branch)
 J - an amulet of harm (around neck)
Wands
 u - a wand of iceblast (21)
 z - a wand of paralysis (42)
 E - a wand of polymorph (21)
 H - a wand of disintegration (23)
Scrolls
 h - 5 scrolls of teleportation
 j - 3 scrolls of blinking
 l - 3 scrolls of amnesia
 m - 7 scrolls of remove curse
 q - 2 scrolls of enchant armour
 w - 2 scrolls of fog
 B - 7 scrolls of identify
Potions
 d - 2 potions of might
 e - 4 potions of brilliance
 g - 5 potions of mutation
 i - 3 potions of flight
 p - 5 potions of haste
 r - a potion of cancellation
 s - 3 potions of curing
 x - 3 potions of magic
 A - a potion of agility
 G - a potion of resistance
Books
 t - a book of Power

   Spells                             Type                      Level
   a - Iskenderun's Battlesphere      Conjuration/Charms           5
   b - Venom Bolt                     Conjuration/Poison           5
   c - Bolt of Magma                  Conjuration/Fire/Earth       5
   d - Iron Shot                      Conjuration/Earth            6
   e - Orb of Destruction             Conjuration                  7
   f - Spellforged Servitor           Conjuration/Summoning        7
 y - a book of Changes

   Spells                             Type                      Level
   a - Beastly Appendage              Transmutation                1
   b - Sticks to Snakes               Transmutation                2
   c - Spider Form                    Transmutation/Poison         3
   d - Ice Form                       Ice/Transmutation            4
   e - Blade Hands                    Transmutation                5
 K - a book of Fire

   Spells                             Type                      Level
   a - Ignite Poison                  Fire/Transmutation/Poison    3
   b - Fireball                       Conjuration/Fire             5
   c - Bolt of Fire                   Conjuration/Fire             6
   d - Ring of Flames                 Charms/Fire                  7
   e - Ignition                       Fire                         8
   Dithmenos disapproves of the use of such an item.
Comestibles
 f - 34 rations


   Skills:
 + Level 8.9 Fighting
 + Level 3.4(8.1) Axes
 + Level 12.2(12.4) Maces & Flails
 + Level 9.0 Armour
 + Level 6.1 Dodging
 * Level 11.5 Stealth
 + Level 13.9 Shields


You had 13 spell levels left.
You didn't know any spells.

Dungeon Overview and Level Annotations

Branches:
Dungeon (15/15)            Temple (0/1) D:6            Lair (0/6) D:8
    Orc (1/2) D:10         Vaults (0/5) D:14         Depths (0/5) D:15

Altars:
Ashenzari
Cheibriados
Dithmenos
Hepliaklqana
Kikubaaqudgha
Makhleb
Nemelex Xobeh
Qazlal
Trog
Vehumet
Xom
The Shining One

Shops:
D:10 *   D:11 [   D:12 %


Innate Abilities, Weirdness & Mutations

You are resistant to torment.
((Your stone body is resilient. (AC +10)))
You are immune to poison.
((Your large and strong wings let you fly indefinitely.))
You resist negative energy. (rN+)
((You are resistant to electric shocks. (rElec)))
((You can survive without breathing.))
You are immune to petrification.
You are immune to rotting.


Message History

Your +2 pair of gloves melds into your body.
Your +3 scale mail melds into your body.
Your roots penetrate the ground.
You block the large slime creature's attack.
The very large slime creature hits you.
* * * LOW HITPOINT WARNING * * *
You hit the large slime creature.
The large slime creature is lightly wounded.
The large slime creature hits you but does no damage.
You block the very large slime creature's attack.
Unknown command.
You whack the large slime creature!
The large slime creature is lightly wounded.
Unknown command.
You whack the large slime creature!
The large slime creature is lightly wounded.
The large slime creature hits you!
* * * LOW HITPOINT WARNING * * *
The very large slime creature hits you!!!
You die...

.......#.....##.##...........#
.......#....##...##G.........# #
.......#....#.....#..........# #
#'######....#.....#..........####
............##...#####...........
.............##.## #.##..........
...........###..# #...#....######
...........#...###§...##...#
...######..#..##♣J§...>#...#
...#....#..##.##J#§...##...#
...#....#..#...§.# ...#....######
...#....#..##.#..###.##..........
...'....#...######.###...........
...#....#........................
...#....#..#######...............
...#....#..# #....#+######...
<..######..# #....#......#..(


You could see a very large slime creature and a large slime creature.

Vanquished Creatures
  2 hydras (D:15)
  2 centaur warriors
  Erica (D:8)
  Harold (D:10)
  7 two-headed ogres
  3 tengu warriors
  An ogre mage (D:15)
  The ghost of Spyfire242 the Fanfare of Bloodshed, a novice GrFi of Makhleb (D:7)
  The ghost of tamerofbeasts the Cleaver, a novice MiFi of Yredelemnul (D:8)
  A glowing orange brain (D:15)
  An unseen horror (D:13)
  A harpy (shapeshifter) (D:15)
  A necromancer (D:14)
  A deep elf mage (D:14)
  An ugly thing (D:15)
  2 cyclopes
  3 centaur zombies
  2 gargoyles
  A komodo dragon (shapeshifter) (D:14)
  A freezing wraith (D:15)
  A komodo dragon (D:15)
  A kobold demonologist (D:15)
  A tengu conjurer (D:12)
  5 trolls
  A hornet (D:15)
  Grinder (D:4)
  3 polar bears (D:10)
  A blink frog (shapeshifter) (D:14)
  7 slime creatures (D:15)
  3 hippogriffs
  Sigmund (D:4)
  3 shadows
  A centaur simulacrum (D:10)
  9 water elementals
  18 humans
  9 yaks
  A wraith (D:9)
  A wyvern (D:10)
  4 hogs (D:8)
  A golden eye (shapeshifter) (D:15)
  8 vampire mosquitoes (D:15)
  A hungry ghost (D:7)
  Menkaure (D:4)
  A soldier ant (D:12)
  2 acid dragons
  Duvessa (D:4)
  A water moccasin (D:7)
  13 orc warriors
  6 sky beasts
  4 black bears
  2 eyes of draining
  2 hornet zombies
  4 ice beasts
  A necrophage (D:9)
  2 phantoms
  13 ogres
  A wolf (D:10)
  15 centaurs
  2 big kobolds (D:15)
  2 elf zombies (Ossuary)
  11 bullfrogs
  Dowan (D:4)
  3 wyvern skeletons
  3 scorpions
  6 killer bees (D:8)
  13 wights
  5 howler monkeys
  3 electric eels
  3 bullfrog zombies
  7 crimson imps
  8 bullfrog skeletons
  3 orc priests
  3 centaur skeletons
  3 human zombies (D:9)
  A gnoll shaman (D:8)
  3 hounds
  5 jellies
  16 orc wizards
  Ijyb (D:4)
  4 human skeletons (D:9)
  7 iguanas
  7 worker ants
  An ogre zombie (D:9)
  3 big kobold zombies (Ossuary)
  A bullfrog simulacrum (D:10)
  A hound zombie (Ossuary)
  A hound skeleton (D:7)
  7 mummies
  A worker ant zombie (D:11)
  10 gnolls
  A howler monkey skeleton (D:4)
  9 adders
  3 shadow imps
  A white imp (D:10)
  3 adder zombies
  An adder skeleton (D:7)
  5 worms
  2 dart slugs
  3 leopard geckos
  41 orcs
  A ball python (D:2)
  7 giant cockroaches
  A gnoll zombie (Ossuary)
  8 hobgoblins
  4 jackals (D:3)
  6 quokkas
  12 bats
  4 frilled lizards (D:1)
  6 goblins
  A goblin zombie (D:6)
  4 jackal zombies
  13 kobolds
  2 kobold zombies
  5 rats
472 creatures vanquished.

Vanquished Creatures (others)
  An adder (D:10)
  An orc (D:12)
  5 kobolds (Bailey)
7 creatures vanquished.

Grand Total: 479 creatures vanquished

Notes
Turn   | Place    | Note
-------+----------+-------------------------------------------
     0 | D:1      | Fang the Gargoyle Fighter began the quest for the Orb.
     0 | D:1      | Reached XP level 1. HP: 14/14 MP: 1/1
   243 | D:1      | Reached XP level 2. HP: 19/19 MP: 2/2
   720 | D:2      | Noticed an ogre
   725 | D:2      | Reached XP level 3. HP: 22/23 MP: 3/3
   732 | D:2      | Killed an ogre
   732 | D:2      | Reached skill level 4 in Shields
   732 | D:2      | Reached XP level 4. HP: 27/29 MP: 4/4
   813 | D:2      | Reached XP level 5. HP: 33/33 MP: 5/5
   973 | D:2      | Found a shattered altar of Ashenzari.
  1357 | D:3      | Reached skill level 1 in Dodging
  1360 | D:3      | Reached skill level 1 in Maces & Flails
  1628 | D:3      | Reached XP level 6. HP: 38/38 MP: 6/6
  2194 | D:4      | Found a shadowy altar of Dithmenos.
  2214 | D:4      | Became a worshipper of Dithmenos the Shadowed
  2457 | D:4      | Noticed Grinder
  2458 | D:4      | Noticed Ijyb
  2464 | D:4      | Killed Grinder
  2464 | D:4      | Reached skill level 5 in Shields
  2464 | D:4      | Reached XP level 7. HP: 40/43 MP: 7/7
  2470 | D:4      | Killed Ijyb
  2585 | D:4      | Noticed Duvessa
  2586 | D:4      | Noticed Dowan
  2587 | D:4      | Noticed Menkaure
  2593 | D:4      | Killed Duvessa
  2611 | D:4      | Killed Dowan
  2613 | D:4      | Killed Menkaure
  2803 | D:4      | Noticed Sigmund
  2809 | D:4      | Killed Sigmund
  2809 | D:4      | Reached skill level 6 in Shields
  2809 | D:4      | Reached XP level 8. HP: 48/48 MP: 8/8
  2826 | D:4      | Reached skill level 1 in Stealth
  2996 | D:4      | Found a burning altar of Makhleb.
  3184 | D:5      | Entered Level 5 of the Dungeon
  3312 | D:5      | Reached skill level 5 in Maces & Flails
  3404 | D:5      | Reached skill level 5 in Armour
  3705 | D:5      | Found a snail-covered altar of Cheibriados.
  4016 | D:6      | Reached * piety under Dithmenos
  4055 | D:6      | Reached skill level 7 in Shields
  4061 | D:6      | Reached XP level 9. HP: 48/52 MP: 9/9
  4322 | D:6      | Found a bloodstained altar of Trog.
  4328 | D:6      | Reached skill level 8 in Shields
  4405 | D:6      | Found a staircase to the Ecumenical Temple.
  4518 | D:6      | Found a sand-covered staircase.
  4524 | Ossuary  | Entered an ossuary
  4582 | Ossuary  | Reached ** piety under Dithmenos
  4951 | D:7      | Reached skill level 5 in Fighting
  5211 | D:7      | Reached skill level 9 in Shields
  5297 | D:7      | Noticed Spyfire242's ghost (novice GrFi)
  5334 | D:7      | Reached XP level 10. HP: 30/59 MP: 10/10
  5361 | D:7      | Killed Spyfire242's ghost
  5938 | D:8      | Noticed a two-headed ogre
  5956 | D:8      | Killed a two-headed ogre
  6223 | D:8      | Noticed Erica
  6269 | D:8      | Killed Erica
  6353 | D:8      | Reached skill level 5 in Stealth
  6478 | D:8      | Reached skill level 10 in Shields
  6515 | D:8      | Reached XP level 11. HP: 56/64 MP: 11/11
  6713 | D:8      | Noticed tamerofbeasts's ghost (novice MiFi)
  6731 | D:8      | Killed tamerofbeasts's ghost
  6731 | D:8      | Reached *** piety under Dithmenos
  6829 | D:8      | Found a staircase to the Lair.
  7434 | D:9      | Found a radiant altar of Vehumet.
  7501 | D:9      | Found a sparkling altar of Nemelex Xobeh.
  7553 | D:9      | Found a flagged portal.
  7567 | D:9      | Reached **** piety under Dithmenos
  7573 | Bailey   | Entered a bailey
  7647 | Bailey   | Found an iron altar of Okawaru.
  7663 | Bailey   | Paralysed by a kobold for 5 turns
  7671 | Bailey   | Paralysed by a kobold for 2 turns
  7828 | D:9      | Found a shimmering altar of Xom.
  7829 | D:9      | Found a hazy altar of Hepliaklqana.
  7829 | D:9      | Found a glowing golden altar of the Shining One.
  7993 | D:9      | Found an ancient bone altar of Kikubaaqudgha.
  8076 | D:10     | Entered Level 10 of the Dungeon
  8478 | D:10     | Reached skill level 11 in Shields
  8511 | D:10     | Noticed Harold
  8525 | D:10     | Killed Harold
  8683 | D:10     | Found a staircase to the Orcish Mines.
  8876 | D:10     | Found Zayjucho's Assorted Antiques.
  9296 | Orc:1    | Entered Level 1 of the Orcish Mines
  9313 | Orc:1    | Noticed a stone giant
  9872 | D:11     | Reached ***** piety under Dithmenos
  9998 | D:11     | Reached XP level 12. HP: 71/71 MP: 12/12
 10108 | D:11     | Noticed a two-headed ogre
 10118 | D:11     | Killed a two-headed ogre
 10118 | D:11     | Reached skill level 10 in Maces & Flails
 10118 | D:11     | Reached skill level 5 in Dodging
 10374 | D:11     | Found Sapn's Antique Armour Boutique.
 10883 | D:12     | Noticed a two-headed ogre
 10893 | D:12     | Killed a two-headed ogre
 11121 | D:12     | Noticed a tengu warrior
 11137 | D:12     | Killed a tengu warrior
 11157 | D:12     | Found Gythusar's Food Emporium.
 11649 | D:12     | Reached skill level 12 in Shields
 12295 | D:13     | Reached ****** piety under Dithmenos
 12404 | D:13     | Reached XP level 13. HP: 77/77 MP: 13/13
 12671 | D:14     | Reached skill level 10 in Stealth
 12857 | D:14     | Reached skill level 13 in Shields
 12997 | D:14     | Found a gate to the Vaults.
 12997 | D:14     | Noticed a vault guard
 12997 | D:14     | Noticed a vault guard
 12997 | D:14     | Noticed a vault guard
 13010 | D:14     | Paralysed by a wizard for 3 turns
 13490 | D:14     | You fall through a shaft!
 13490 | D:15     | Entered Level 15 of the Dungeon
 13926 | D:15     | Found a stormy altar of Qazlal.
 14133 | D:15     | Noticed a rakshasa
 14977 | D:15     | Gained mutation: Your large and strong wings let you fly indefinitely. [Gargoyle growth]
 14977 | D:15     | Reached XP level 14. HP: 77/84 MP: 14/14
 15287 | D:15     | Found a staircase to the Depths.
 15307 | D:15     | Annihilated by a very large slime creature

Skill      XL: |  1  2  3  4  5  6  7  8  9 10 11 12 13 14 |
---------------+-------------------------------------------+-----
Axes           | 2 3 |  3.4
Shields        | 4 5 6 7 9 10 11 12 13 | 13.9
Dodging        | 1 2 3 4 5 6 |  6.1
Maces & Flails | 1 2 4 6 7 8 9 11 12 | 12.2
Armour         | 4 5 6 7 8 9 |  9.0
Fighting       | 4 5 6 7 8 |  8.9
Stealth        | 1 2 5 7 9 11 | 11.5

Action                   |  1- 3 |  4- 6 |  7- 9 | 10-12 | 13-15 || total
-------------------------+-------+-------+-------+-------+-------++-------
Melee: War axe           |    61 |     2 |       |       |       ||    63
       Whip              |       |   163 |   390 |   981 |   433 ||  1967
  Use: Scroll            |       |    10 |    10 |    13 |     5 ||    38
       Potion            |       |       |     4 |     3 |     5 ||    12
 Stab: Sleeping          |       |       |       |    17 |    12 ||    29
  Eat: Chunk             |       |     4 |     8 |    16 |     9 ||    37
       Ration            |       |       |     1 |     2 |       ||     3
Armor: Scale mail        |    25 |    69 |   142 |   195 |    78 ||   509
       Skin              |       |       |    10 |    16 |     1 ||    27
Dodge: Dodged            |    25 |    61 |   276 |   363 |   213 ||   938
Block: Shield            |    25 |    85 |   271 |   673 |   289 ||  1343
       Reflection        |       |       |       |    49 |     1 ||    50
